 Dungeon Crawl Stone Soup version 0.16-a0-1271-g9217ee2 (webtiles) character file.

18 PolkaDot the Caller (level 2, -2/24 HPs)
             Began as a Draconian Summoner on Oct 13, 2014.
             Slain by an adder (3 damage)
             ... on level 1 of the Dungeon.
             The game lasted 00:04:17 (1377 turns).

PolkaDot the Caller (Draconian Summoner)            Turns: 1377, Time: 00:04:17

Health: -2/24      AC:  4    Str: 10    XL:     2   Next: 48%
Magic:  1/4        EV: 12    Int: 15    God:
Gold:   69         SH:  0    Dex: 11    Spells: 2 memorised, 2 levels left

rFire  . . .     SeeInvis .     (no weapon)
rCold  . . .     Clarity  .     (armour unavailable)
rNeg   . . .     SustAb   .     (no shield)
rPois  .         Gourm    .     (helmet restricted)
rElec  .         Spirit   .     (no cloak)
rCorr  .         Warding  .     (no gloves)
rMut   .         Stasis   .     (no boots)
MR     .....                    (no amulet)
Stlth  ++........               (no ring)
                                (no ring)

@: lethally poisoned, not resistant to hostile enchantments, unstealthy
A: unfitting armour, cold-blooded, AC +4
a: no special abilities


You were on level 1 of the Dungeon.
You were not hungry.

You visited 1 branch of the dungeon, and saw 1 of its levels.

You collected 69 gold pieces.

Inventory:

Scrolls
 e - a scroll of recharging {unknown}
 f - a scroll of identify {unknown}
 j - a scroll of amnesia {unknown}
Potions
 a - a potion of might {unknown}
 d - a potion of heal wounds {unknown}
 i - a potion of curing {unknown}
Books
 b - a book of Callings

   Spells                             Type                      Level
   *Summon Small Mammal               Summoning                    1
   *Call Imp                          Summoning                    2
   Call Canine Familiar               Summoning                    3
   Summon Guardian Golem              Hexes/Summoning              4
   Summon Lightning Spire             Summoning/Air                4
   Summon Ice Beast                   Ice/Summoning                4
Comestibles
 c - a bread ration
 g - 5 fruits


   Skills:
 * Level 1.6 Fighting
 - Level 1.7 Dodging
 - Level 1.7 Stealth
 - Level 2.0 Spellcasting
 + Level 4.3 Summonings


You had 2 spell levels left.
You knew the following spells:

 Your Spells              Type           Power        Failure   Level  Hunger
a - Summon Small Mammal   Summ           ##..         4%          1    #......
s - Call Imp              Summ           ##......     8%          2    ###....


Dungeon Overview and Level Annotations

Branches:
Dungeon (1/15)

Altars:


Innate Abilities, Weirdness & Mutations

Your plain brown scales are hard (AC +4).
Your body does not fit into most forms of armour.
Your cold-blooded metabolism reacts poorly to cold.


Message History

You closely miss the adder.
The adder is moderately wounded.
The adder closely misses you. x2
Your crimson imp barely misses the adder.
You hit the adder but do no damage.
You tail-slap the adder, but do no damage.
The adder is moderately wounded.
* * * LOW HITPOINT WARNING * * *
You feel sick. The adder bites you.
* * * LOW HITPOINT WARNING * * *
Your crimson imp hits the adder.
You hit the adder.
The adder is severely wounded.
The adder bites you but does no damage.
Your crimson imp closely misses the adder.
Your crimson imp blinks!
You closely miss the adder.
The adder is severely wounded.
The adder bites you.
You die...

....#.#............###.........##
...##.#............#............#
...##.#..........................
.................................
...####..)...........#...........
...# #..........................
...# #........######.........#.#
...# #.....#..5S§..##....####...
...# #####.##.%@##?###.........#
...# #!....5.###)##......... ...#
####.....##..).(....... #######
#.####.######..##... §§§≈§§≈≈ #.#
#.........##... ≈§§≈§§≈≈ #.#
#.##########.#. §#§§§§#≈≈# #.#
#......... #.#. §§§§§§≈≈≈# #.#
####..... #.#. ≈§§≈≈§ ≈≈# ....
#.#.


You could see an adder and 2 friendly crimson imps.

Vanquished Creatures
  3 goblins (D:1)
  3 jackals (D:1)
  A kobold (D:1)
  A giant cockroach (D:1)
  2 rats (D:1)
10 creatures vanquished.

Vanquished Creatures (collateral kills)
  A giant gecko (D:1)
  A goblin (D:1)
  A hobgoblin (D:1)
  3 kobolds (D:1)
  A giant newt (D:1)
7 creatures vanquished.

Vanquished Creatures (others)
  A bat (D:1)
1 creature vanquished.

Grand Total: 18 creatures vanquished

Notes
Turn   | Place    | Note
--------------------------------------------------------------
     0 | D:1      | PolkaDot, the Draconian Summoner, began the quest for the Orb.
     0 | D:1      | Reached XP level 1. HP: 14/14 MP: 3/3
    91 | D:1      | Reached skill level 1 in Fighting
   397 | D:1      | Reached XP level 2. HP: 2/23 MP: 0/4
   772 | D:1      | Upgraded the game from 0.16-a0-1243-g6e0463c to 0.16-a0-1271-g9217ee2
   775 | D:1      | Learned a level 2 spell: Call Imp
  1375 | D:1      | HP: 1/24 [adder (1)]
  1377 | D:1      | Slain by an adder

Action                   || total
-------------------------++-------
Melee: Unarmed           ||   132
 Cast: Summon Small Mamm ||     5
       Call Imp          ||     7
 Stab: Sleeping          ||     1
  Eat: Chunk             ||     2
